 Dungeon Crawl Stone Soup version 0.23-a0-373-g305c090 (webtiles) character file.

77 Gildeon the Ducker (level 4, -1/23 HPs)
             Began as a Spriggan Fighter on Oct 25, 2018.
             Was an Initiate of Okawaru.
             Killed by nerve-wracking pain
             ... invoked by an orc priest
              (10 damage)
             ... on level 3 of the Dungeon.
             The game lasted 00:08:04 (1773 turns).

Gildeon the Ducker (Spriggan Fighter)               Turns: 1773, Time: 00:08:05

Health: -1/23      AC:  2    Str: 12    XL:     4   Next: 14%
Magic:  5/5        EV: 19    Int: 10    God:    Okawaru [......]
Gold:   36         SH:  6    Dex: 15    Spells: 3/3 levels left

rFire    + . .     SeeInvis +   a - +0 rapier
rCold    . . .     Gourm    .   c - +0 buckler
rNeg     . . .     Faith    .   b - +0 robe
rPois    .         Spirit   .   (helmet restricted)
rElec    .         Reflect  .   (no cloak)
rCorr    .         Harm     .   (gloves unavailable)
MR       .....                  (boots unavailable)
Stlth    ++........             (no amulet)
HPRegen  0.07/turn              j - ring of protection from fire
MPRegen  0.09/turn              (no ring)

@: very quick
A: very small, unfitting armour, see invisible, herbivore, speed 3, slow
metabolism 2
a: Renounce Religion


You were on level 3 of the Dungeon.
You worshipped Okawaru.
Okawaru was noncommittal.
You were not hungry.

You visited 1 branch of the dungeon, and saw 3 of its levels.

You collected 36 gold pieces.

Inventory:

Hand Weapons
 a - a +0 rapier (weapon)
Armour
 b - a +0 robe (worn)
 c - a +0 buckler (worn)
Jewellery
 j - a ring of protection from fire (left hand)
Scrolls
 h - a scroll of fog {unknown}
 k - a scroll of identify
 l - 2 scrolls of enchant weapon {unknown}
 m - a scroll of enchant armour {unknown}
Potions
 d - a potion of might
 e - a potion of ambrosia
 g - a potion of flight {unknown}
 i - a potion of heal wounds
Comestibles
 f - a ration


   Skills:
 - Level 2.4 Fighting
 + Level 3.0 Short Blades
 + Level 0.4 Armour
 - Level 5.0 Dodging
 + Level 2.9 Stealth
 + Level 2.6 Shields


You had 3 spell levels left.
You didn't know any spells.
Your spell library was empty.

Dungeon Overview and Level Annotations

Branches:
Dungeon (3/15)

Altars:
Okawaru
Xom


Innate Abilities, Weirdness & Mutations

You are very small and have problems with some larger weapons.
You are too small for most types of armour.
You have supernaturally acute eyesight. (SInv)
You are a herbivore.
You cover ground extremely quickly.
You need to consume almost no food.


Message History

The orc wizard hits you with a +0 dagger.
The orc priest barely misses you.
You puncture the orc priest!
The orc priest is moderately wounded.
The orc wizard casts a spell at you.
You easily resist.
You block the orc priest's attack.
You barely miss the orc priest.
The orc priest is moderately wounded.
The orc wizard completely misses you.
The orc priest hits you with a +0 hand axe!
You hit the orc priest.
The orc priest is severely wounded.
The orc wizard hits you but does no damage.
The orc priest misses you.
The orc wizard hits you with a +0 dagger.
You barely miss the orc priest.
The orc priest is severely wounded.
The orc priest mumbles some strange prayers to Beogh against you.
Pain shoots through your body!
You die...

#### ...#
###...###
##.......#
........#
.......#
#oo...##.
#@...>...
#<###.###
#.# #..
####


You could see an orc priest and an orc wizard (invisible).

Vanquished Creatures
  Robin (D:1)
  An ooze (D:1)
  A worm (D:1)
  3 dart slugs
  4 leopard geckos
  17 goblins
  4 hobgoblins
  2 ball pythons
  4 bats (D:1)
  3 frilled lizards
  4 kobolds
  4 rats
48 creatures vanquished.

Notes
Turn   | Place    | Note
-------+----------+-------------------------------------------
     0 | D:1      | Gildeon the Spriggan Fighter began the quest for the Orb.
     0 | D:1      | Reached XP level 1. HP: 11/11 MP: 2/2
    41 | D:1      | Reached skill level 1 in Stealth
    47 | D:1      | Reached XP level 2. HP: 10/16 MP: 3/3
   495 | D:1      | Reached XP level 3. HP: 19/19 MP: 4/4
   609 | D:2      | Found an iron altar of Okawaru.
   630 | D:2      | Noticed a hungry ghost
   719 | D:2      | Reached skill level 5 in Dodging
   743 | D:2      | Noticed Robin
  1156 | D:1      | Killed Robin
  1416 | D:2      | Reached XP level 4. HP: 15/23 MP: 5/5
  1552 | D:2      | Found a shimmering altar of Xom.
  1690 | D:2      | Became a worshipper of Warmaster Okawaru
  1773 | D:3      | Killed from afar by an orc priest

Vault maps used:
D:1:      minmay_arrival_five_plusses
D:2:      okawaru_trees_2, lemuel_round_altar, tso_oasis_becter,
          uniq_crazy_yiuf_cottage, uniq_robin, uniq_jessica
D:3:      gup_sewer_entry_glass, minivault_4, lemuel_old_faithful

Skill      XL: |  1  2  3 |
---------------+----------+-----
Stealth        | 1 2 |  2.9
Dodging        | 5 |  5.0
Short Blades   | 3 |  3.0
Fighting       | |  2.4
Armour         | |  0.4
Shields        | |  2.6

Action                   |  1- 3 |  4- 6 || total
-------------------------+-------+-------++-------
Melee: Rapier            |   136 |    23 ||   159
  Use: Scroll            |     1 |       ||     1
 Stab: Sleeping          |     1 |       ||     1
Armor: Robe              |     5 |     2 ||     7
Dodge: Dodged            |   128 |    13 ||   141
Block: Buckler           |    33 |     3 ||    36

Table legend:
 A = Non-vault XP
 B = Vault XP
 C = Vault XP percentage of total XP
 D = Non-vault monster count
 E = Vault monster count
 F = Vault count percentage of total count
                 A         B        C        D         E       F
            +---------+---------+-------+---------+---------+-------
      Total |      73 |      38 |  34.2 |      35 |      13 |  27.1
            +---------+---------+-------+---------+---------+-------
        D:1 |      47 |      31 |  39.7 |      22 |       9 |  29.0
        D:2 |      21 |       7 |  25.0 |      10 |       4 |  28.6
        D:3 |       5 |       0 |   0.0 |       3 |       0 |   0.0
            +---------+---------+-------+---------+---------+-------
